 Dungeon Crawl Stone Soup version 0.19.1 (webtiles) character file.

23 M4edhros the Charlatan (level 2, -1/18 HPs)
             Began as an Octopode Artificer on Dec 11, 2016.
             Slain by an ogre
             ... wielding a +0 giant spiked club
              (19 damage)
             ... on level 4 of the Dungeon.
             The game lasted 00:00:45 (748 turns).

M4edhros the Charlatan (Octopode Artificer)          Turns: 748, Time: 00:00:45

Health: -1/18      AC:  1    Str: 11    XL:     2   Next: 95%
Magic:  4/4        EV: 13    Int: 13    God:
Gold:   31         SH:  0    Dex: 12    Spells: 0 memorised, 1 level left

rFire  . . .     SeeInvis .     q - +1 short sword (elec)
rCold  . . .     Gourm    .     (no shield)
rNeg   . . .     Faith    .     (helmet restricted)
rPois  .         Spirit   .     (no amulet)
rElec  .         Reflect  .     (no ring)
rCorr  .         Harm     .     (no ring)
MR     .....                    (no ring)
Stlth  +++.......               (no ring)
                                (no ring)
                                (no ring)
                                (no ring)
                                (no ring)

@: no status effects
A: almost no armour, stealthy swim, amphibious, 8 rings, constrict 8, camouflage
1, gelatinous body 1
a: no special abilities


You were on level 4 of the Dungeon.
You were not hungry.

You visited 1 branch of the dungeon, and saw 4 of its levels.

You collected 31 gold pieces.

Inventory:

Hand Weapons
 a - a +0 short sword
 q - a +1 short sword of electrocution (weapon)
Wands
 b - a wand of flame (13/48)
 c - a wand of enslavement (15/24)
 d - a wand of random effects (14/48)
Scrolls
 e - 2 scrolls of immolation {unknown}
 g - a scroll of enchant weapon {unknown}
 j - a scroll of enchant armour {unknown}
 m - a scroll of teleportation {unknown}
 o - a scroll of identify {unknown}
Potions
 h - a potion of agility {unknown}
 i - 2 potions of curing {unknown}
 n - 2 potions of degeneration {unknown}
 p - a potion of cancellation {unknown}
Comestibles
 f - 3 bread rations
 k - a meat ration
 l - a beef jerky


   Skills:
 - Level 1.0 Fighting
 * Level 1.1 Short Blades
 + Level 2.4 Dodging
 + Level 2.1 Stealth
 + Level 3.8 Evocations


You had one spell level left.
You didn't know any spells.

Dungeon Overview and Level Annotations

Branches:
Dungeon (4/15)
 Temple: D:4-7

Altars:


Innate Abilities, Weirdness & Mutations

You cannot wear most types of armour.
You are very stealthy in the water. (Stealth+)
You are amphibious.
You can wear up to eight rings at the same time.
You can use your tentacles to constrict eight enemies at once.
Your skin changes colour to match your surroundings (Stealth+).
Your rubbery body absorbs attacks. (AC +1, EV +1)


Message History

There is a stone staircase leading down here.
You climb downwards.
An ogre comes into view. It is wielding a giant spiked club.
Found a mace and a leather armour.
There is a stone staircase leading up here.
An ogre is nearby!
The helpless ogre fails to defend itself.
You hit the ogre.
The ogre is moderately wounded.
The ogre barely misses you.
Found a weird runed staff.
Found a meat ration.
Evoke which item? (* to show all) (? for menu, Esc to quit)
Zapping:
d - a wand of random effects (15/48)
Press: ? - help, Shift-Dir - straight line, f - ogre
Aim: an ogre, wielding a giant spiked club (moderately wounded)
The ogre looks slightly unstable.
This wand has 14 charges left.
The ogre hits you with a giant spiked club!!
Ouch! That really hurt!
You die...

############
#...........
#...........
#...@.......
#[..O.......
#..)..|.....
#...........
#...##......
#...# ......
#.<.# ......
#...# .%....
#...+ ...


You could see an ogre.

Vanquished Creatures
  An adder (D:2)
  An orc (D:2)
  2 giant cockroaches
  A goblin (D:3)
  2 bats
  A frilled lizard (D:3)
  A quokka skeleton (D:3)
  7 rats
16 creatures vanquished.

Notes
Turn   | Place    | Note
-------+----------+-------------------------------------------
     0 | D:1      | M4edhros the Octopode Artificer began the quest for the Orb.
     0 | D:1      | Reached XP level 1. HP: 13/13 MP: 3/3
   429 | D:2      | Reached XP level 2. HP: 18/18 MP: 4/4
   740 | D:4      | Noticed an ogre
   748 | D:4      | Slain by an ogre

Skill      XL: |  1  2 |
---------------+-------+-----
Stealth        | 2 |  2.1
Fighting       | |  1.0
Short Blades   | |  1.1
Dodging        | |  2.4
Evocations     | |  3.8

Action                   || total
-------------------------++-------
Melee: Short sword       ||    24
       Constrict         ||     7
       Tentacles         ||     1
Evoke: Wand              ||     3
 Stab: Sleeping          ||     7
       Distracted        ||     1
Armor: Skin              ||     1
Dodge: Dodged            ||     9
